 Dungeon Crawl Stone Soup version 0.19.0-19-g8c6edcc (webtiles) character file.

254 GordonOverkill the Covered (level 5, -1/47 HPs)
             Began as a Minotaur Wizard on Nov 16, 2016.
             Killed from afar by an orc wizard (8 damage)
             ... with a magic dart
             ... on level 4 of the Dungeon.
             The game lasted 00:09:18 (5122 turns).

GordonOverkill the Covered (Minotaur Wizard)        Turns: 5122, Time: 00:09:18

Health: -1/47      AC:  8    Str: 12    XL:     5   Next: 90%
Magic:  7/7        EV:  9    Int: 15    God:
Gold:   231        SH:  0    Dex:  9    Spells: 0 memorised, 8 levels left

rFire  . . .     SeeInvis .     y - +1 hand axe
rCold  + . .     Gourm    .     f - +0 scale mail
rNeg   . . .     Faith    .     (no shield)
rPois  .         Spirit   .     b - +0 hat
rElec  .         Reflect  .     (no cloak)
rCorr  .         Harm     .     (no gloves)
MR     .....     Rnd*Tele +     j - +0 pair of boots
Stlth  ..........               (no amulet)
                                m - ring of teleportation (curse)
                                k - ring of protection from cold

@: no status effects
A: retaliatory headbutt, horns 2
a: no special abilities


You were on level 4 of the Dungeon.
You were not hungry.

You visited 1 branch of the dungeon, and saw 4 of its levels.

You collected 231 gold pieces.

Inventory:

Hand Weapons
 y - a +1 hand axe (weapon)
Armour
 b - a +0 hat (worn)
 f - a +0 scale mail (worn)
 j - a +0 pair of boots (worn)
Jewellery
 k - a ring of protection from cold (left hand)
 m - a cursed ring of teleportation (right hand)
 s - an uncursed ring of fire
Scrolls
 e - a scroll of remove curse
 h - a scroll of enchant weapon
Potions
 a - a potion of cancellation {unknown}
 l - a potion of cure mutation {unknown}
 o - 2 potions of heal wounds {unknown}
 t - a potion of berserk rage {unknown}
 w - a potion of agility {unknown}
Books
 c - a book of Minor Magic

   Spells                             Type                      Level
   a - Magic Dart                     Conjuration                  1
   b - Blink                          Translocation                2
   c - Call Imp                       Summoning                    2
   d - Repel Missiles                 Charms/Air                   2
   e - Slow                           Hexes                        2
   f - Conjure Flame                  Conjuration/Fire             3
   g - Mephitic Cloud                 Conjuration/Poison/Air       3
 r - a book of Changes

   Spells                             Type                      Level
   a - Beastly Appendage              Transmutation                1
   b - Sticks to Snakes               Transmutation                2
   c - Spider Form                    Transmutation/Poison         3
   d - Ice Form                       Ice/Transmutation            4
   e - Blade Hands                    Transmutation                5
 u - a book of Minor Magic

   Spells                             Type                      Level
   a - Magic Dart                     Conjuration                  1
   b - Blink                          Translocation                2
   c - Call Imp                       Summoning                    2
   d - Repel Missiles                 Charms/Air                   2
   e - Slow                           Hexes                        2
   f - Conjure Flame                  Conjuration/Fire             3
   g - Mephitic Cloud                 Conjuration/Poison/Air       3
Comestibles
 d - a bread ration
 g - a meat ration
 q - 2 slices of pizza
 v - 2 royal jellies


   Skills:
 + Level 4.4 Fighting
 * Level 1.4 Axes
 + Level 4.7 Armour
 - Level 2.1 Dodging
 - Level 1.5 Stealth
 - Level 2.1 Spellcasting
   Level 0.6 Conjurations
   Level 0.6 Summonings
   Level 0.6 Translocations


You had 8 spell levels left.
You didn't know any spells.

Dungeon Overview and Level Annotations

Branches:
Dungeon (4/15)
 Temple: D:4-7

Altars:
Gozag
Sif Muna
Vehumet
Yredelemnul


Innate Abilities, Weirdness & Mutations

You reflexively headbutt those who attack you in melee.
You have a pair of horns on your head.


Message History

The orc priest calls down the wrath of Beogh upon you.
Beogh smites you!
* * * LOW HITPOINT WARNING * * *
The orc wizard hits you but does no damage.
Unknown command.
You feel better. The orc wizard barely misses you.
The orc wizard casts a cantrip, but nothing happens.
All of the chunks of flesh in your inventory have rotted away.
As you read the scroll of teleportation, it crumbles to dust.
You feel strangely unstable. The orc wizard barely misses you.
The orc wizard hits you with a dagger.
Your surroundings suddenly seem different.
The orc wizard points at you and mumbles some strange words.
You resist with some effort.
The orc priest calls down the wrath of Beogh upon you.
Beogh smites you!
* * * LOW HITPOINT WARNING * * *
The orc wizard points at you and mumbles some strange words.
The magic dart hits you!
You die...

#...............
#.....o=o##.....
#>.....o.##...##
#.............)#
#..............#
#..._........ #
#........## #........##
## #..[...@..+...#
.[.... #.........#...#
....... #.........#...#
...... #...)....##...#
#...#
#........##...###...####
#.......................
#.......................
#.......................
#......[.<..............


You could see an orc priest and 2 orc wizards.

Vanquished Creatures
  Terence (D:3)
  8 gnolls
  5 adders
  3 worms
  5 dart slugs
  3 leopard geckos
  2 orcs (D:4)
  6 bats
  3 giant cockroaches
  14 goblins
  10 hobgoblins
  6 jackals
  4 frilled lizards
  12 kobolds
  6 rats
88 creatures vanquished.

Notes
Turn   | Place    | Note
-------+----------+-------------------------------------------
     0 | D:1      | GordonOverkill the Minotaur Wizard began the quest for the Orb.
     0 | D:1      | Reached XP level 1. HP: 14/14 MP: 2/2
   108 | D:1      | Reached skill level 1 in Armour
   182 | D:1      | Reached skill level 1 in Fighting
   227 | D:1      | Reached XP level 2. HP: 17/23 MP: 0/4
   938 | D:1      | Reached XP level 3. HP: 25/29 MP: 5/5
  2105 | D:2      | Found a basalt altar of Yredelemnul.
  2117 | D:2      | Reached XP level 4. HP: 36/37 MP: 6/6
  3292 | D:2      | Reached XP level 5. HP: 43/46 MP: 7/7
  3499 | D:2      | Found an opulent altar of Gozag.
  3670 | D:3      | Noticed Terence
  3684 | D:3      | Killed Terence
  3849 | D:3      | Found a deep blue altar of Sif Muna.
  4466 | D:4      | Found a radiant altar of Vehumet.
  4666 | D:4      | Reached skill level 1 in Axes
  5122 | D:4      | Killed from afar by an orc wizard

Skill      XL: |  1  2  3  4  5 |
---------------+----------------+-----
Armour         | 1 2 3 4 |  4.7
Fighting       | 1 2 3 4 |  4.4
Axes           | 1 |  1.4
Dodging        | |  2.1
Stealth        | |  1.5
Spellcasting   | |  2.1
Conjurations   | |  0.6
Summonings     | |  0.6
Translocations | |  0.6

Action                   |  1- 3 |  4- 6 || total
-------------------------+-------+-------++-------
Melee: Club              |   108 |       ||   108
       Unarmed           |     5 |       ||     5
       Headbutt          |    13 |    34 ||    47
       Dagger            |    29 |   171 ||   200
       Hand axe          |       |    46 ||    46
 Cast: Magic Dart        |    26 |       ||    26
  Use: Scroll            |       |    11 ||    11
       Potion            |       |     2 ||     2
 Stab: Sleeping          |     1 |       ||     1
  Eat: Chunk             |     4 |    10 ||    14
Armor: Robe              |    15 |       ||    15
       Scale mail        |    22 |   104 ||   126
Dodge: Dodged            |    99 |    95 ||   194
